 Dungeon Crawl Stone Soup version 0.32-a0-540-g866d13106e (webtiles) character file.

Game seed: 16088560412215806802

3896 horus123 the Toxicologist (level 10, -9/91 HPs)
             Began as a Mountain Dwarf Fighter on Feb 29, 2024.
             Was a Believer of Nemelex Xobeh.
             Mangled by an ice beast (13 damage)
             ... on level 7 of the Dungeon.
             The game lasted 00:19:42 (8001 turns).

horus123 the Toxicologist (Mountain Dwarf Fighter)  Turns: 8001, Time: 00:19:43

Health: -9/91      AC: 20    Str: 27    XL:     10   Next: 0%
Magic:  17/17      EV:  7    Int: 11    God:    Nemelex Xobeh [**....]
Gold:   386        SH:  4    Dex:  9    Spells: 13/19 levels left

rFire   . . .        a - +0 war axe
rCold   . . .        c - +0 buckler
rNeg    . . .        L - +0 plate armour
rPois   .            (no helmet)
rElec   .            (no cloak)
rCorr   .            n - +2 pair of gloves
SInv    .            (no boots)
Will    +....        (no amulet) Stlth
                     s - +6 ring of strength
HPRegen 0.35/turn    D - +4 ring of protection
MPRegen 0.15/turn

%: no passive effects
@: no status effects
A: runic magic, artefact enchanting, iridescent scales 1, robust 1
a: Renounce Religion, Draw Escape, Draw Destruction, Draw Summoning


You were on level 7 of the Dungeon.
You worshipped Nemelex Xobeh.
Nemelex Xobeh was pleased with you.
You visited 2 branches of the dungeon, and saw 11 of its levels.
You also visited: Sewer.

You collected 386 gold pieces.

Inventory:

Hand Weapons
 a - a +0 war axe (weapon)
 N - a +1 flail of holy wrath
Missiles
 B - 2 throwing nets (quivered)
Armour
 b - a +0 scale mail
 c - a +0 buckler (worn)
 n - a +2 pair of gloves (worn)
 F - a +0 ring mail
 L - a +0 plate armour (worn)
Jewellery
 s - a +6 ring of strength (left hand)
 D - a +4 ring of protection (right hand)
 E - a ring of fire
Wands
 j - a wand of acid (8)
 y - a wand of polymorph (10)
 z - a wand of roots (9)
 O - a wand of charming (2)
Scrolls
 g - 3 scrolls of fog
 h - a scroll of poison {unknown}
 l - a scroll of teleportation {unknown}
 r - 4 scrolls of enchant weapon
 u - 3 scrolls of blinking {unknown}
 v - a scroll of immolation {unknown}
 w - a scroll of brand weapon {unknown}
 x - 2 scrolls of enchant armour {unknown}
 G - 2 scrolls of summoning {unknown}
 J - a scroll of silence {unknown}
 K - a scroll of amnesia {unknown}
 M - 2 scrolls of fear {unknown}
Potions
 d - a potion of might
 e - 2 potions of haste {unknown}
 f - 3 potions of degeneration {unknown}
 i - 2 potions of magic {unknown}
 k - 4 potions of cancellation {unknown}
 m - a potion of curing {unknown}
 o - 2 potions of attraction {unknown}
 p - 2 potions of mutation
 q - a potion of berserk rage {unknown}
 t - 2 potions of lignification {unknown}
 C - a potion of ambrosia {unknown}
 H - 3 potions of brilliance {unknown}
 I - 3 potions of resistance {unknown}


   Skills:
 - Level 6.0 Fighting
 - Level 8.0 Axes
 - Level 3.2 Armour
 - Level 3.2 Shields
 - Level 5.0 Spellcasting
 + Level 8.7 Alchemy


You had 13 spell levels left.
You knew the following spells:

 Your Spells              Type           Power      Damage    Failure   Level
a - Mercury Vapours       Alch/Air       24%        N/A       12%         2
b - Olgreb's Toxic Radia  Alch           22%        N/A       13%         4

Your spell library contained the following spells:

 Spells                   Type           Power      Damage    Failure   Level
 Sting                    Conj/Alch      48%        1d6       9%          1
 Apportation              Tloc           4%         N/A       43%         1
 Foxfire                  Conj/Fire      8%         2x1d4     43%         1
 Necrotise                Necr           8%         1d4       43%         1
 Sandblast                Erth           4%         2d4       43%         1
 Summon Small Mammal      Summ           8%         N/A       43%         1
 Leda's Liquefaction      Alch/Erth      6%         N/A       63%         4
 Gell's Gravitas          Tloc           2%         N/A       82%         3
 Passwall                 Erth           2%         N/A       82%         3
 Stone Arrow              Conj/Erth      4%         3d7       82%         3
 Teleport Other           Tloc           2%         N/A       82%         3
 Brom's Barrelling Bould  Conj/Erth      2%         2d3       99%         4
 Lee's Rapid Deconstruct  Erth           1%         3d4*      100%        5
 Bombard                  Conj/Erth      1%         9d1       100%        6
 Dispersal                Tloc           1%         N/A       100%        6
 Plasma Beam              Fire/Air       1%         2x1d11    100%        6
 Starburst                Conj/Fire      1%         6d3       100%        6


Dungeon Overview and Level Annotations

Branches:
Dungeon (10/15)            Temple (1/1) D:4           Sewer (visited)
   Lair: D:8-11         Orc: D:9-12

Altars:
Cheibriados
Dithmenos
Elyvilon
Gozag
Hepliaklqana
Kikubaaqudgha
Makhleb
Nemelex Xobeh
Okawaru
Ru
Vehumet
Wu Jian
Xom
Yredelemnul
Zin
The Shining One

Shops:
D:3 !   D:5 =   D:8 *

Annotations:
D:1 2 transporters


Innate Abilities, Weirdness & Mutations

Your spellcasting is much less encumbered by armour.
You can use scrolls of enchantment on lesser artefacts.
You are partially covered in iridescent scales. (AC +2)
You are robust. (+10% HP)


Message History

You barely miss the ice beast.
The ice beast is severely wounded.
The ice beast hits you. The ice beast freezes you!
* * * LOW HITPOINT WARNING * * *
You closely miss the ice beast.
The ice beast is severely wounded.
You hit Maurice.
The ice beast hits you but does no damage.
Maurice barely misses you. Maurice bites you but does no damage.
The ice beast hits you.
* * * LOW HITPOINT WARNING * * *
The ice beast freezes you!
* * * LOW HITPOINT WARNING * * *
You closely miss Maurice.
Maurice is severely wounded.
You hit the ice beast but do no damage.
Maurice zaps a wand.
You block the puff of flame. The ice beast completely misses you.
Unknown command.
You draw a card...
You have drawn the Tomb.
Walls emerge from the floor!
Maurice shouts, "Mine, all mine!"
Maurice hits you but does no damage. You block Maurice's attack.
The ice beast hits you but does no damage.
You draw a card...
You have drawn the Tomb.
Nothing appears to happen.
Maurice hits you with a +0 short sword.
* * * LOW HITPOINT WARNING * * *
Maurice steals your +6 ring of intelligence!
Maurice puts on a +6 ring of intelligence.
Maurice bites you but does no damage.
The ice beast hits you but does no damage.
You draw a card...
You have drawn Vitriol.
Press: ? - help, Shift-Dir - straight line, f - Maurice
Aim: Maurice, wielding a +0 short sword, wearing a +0 cloak, wearing a +6 ring of intelligence and carrying a wand of flame (severely wounded)
The glob of acid hits Maurice!!
The acid corrodes Maurice!
You kill Maurice!
The ice beast hits you.
* * * LOW HITPOINT WARNING * * *
The ice beast freezes you!
You die...
Your body glows slightly and disappears.

#.#.# #.#.# #.#.#
#.#.# #)#.#
#.#.##<#.##
#.....>...#
.....##.#.#########
##### ...#
#.#.Y@#...... .....
.. #.#.##$.....#
#... #.#.# ......#
#... Y.#.# ......#
#... ..#.# ......#
#### ..#.. .......
.... ..# .......
.... ######. ....
....


You could see an ice beast.

Vanquished Creatures
  Pikel (D:7)
  Maurice (D:7)
  The ghost of Tollund the Changeling, a novice DrSh of Beogh (D:5)
  A hornet (D:10)
  Sigmund (D:3)
  A wraith (D:10)
  5 yaks
  Edmund (D:6)
  2 ice beasts
  A black bear (D:5)
  2 centaurs
  3 lemures (D:7)
  2 ogres (D:5)
  2 scorpions
  A bullfrog (D:4)
  3 wights (D:6)
  A killer bee (D:8)
  An electric eel (D:9)
  2 hounds
  3 jellies
  A gnoll bouda (D:6)
  An orc wizard (D:5)
  7 iguanas
  7 gnolls
  13 adders
  8 river rats
  A shadow imp (D:6)
  2 ribbon worms
  4 dart slugs
  11 orcs
  10 ball pythons
  5 bats
  5 endoplasms
  7 giant cockroaches
  9 goblins
  7 hobgoblins
  3 jackals
  4 quokkas
  2 frilled lizards
  23 kobolds
  29 rats
194 creatures vanquished.

Vanquished Creatures (collateral kills)
  A killer bee (D:9)
  A quokka (D:9)
2 creatures vanquished.

Grand Total: 196 creatures vanquished

Notes
Turn   | Place    | Note
-------+----------+-------------------------------------------
     0 | D:1      | horus123 the Mountain Dwarf Fighter began the quest for the
                  | Orb.
     0 | D:1      | Reached XP level 1. HP: 19/19 MP: 1/1
    99 | D:1      | Reached XP level 2. HP: 26/26 MP: 2/2
    99 | D:1      | Found a faded altar of an unknown god.
   829 | D:2      | Reached XP level 3. HP: 31/31 MP: 3/3
  1179 | D:2      | Reached skill level 5 in Axes
  1679 | D:3      | Reached XP level 4. HP: 24/38 MP: 4/4
  1831 | D:3      | Found a sparkling altar of Nemelex Xobeh.
  1877 | D:3      | Found Xivvorghe's Distillery.
  1979 | D:3      | Noticed Sigmund
  1996 | D:3      | Killed Sigmund
  1997 | D:3      | Reached XP level 5. HP: 30/45 MP: 5/5
  2428 | D:3      | Became a worshipper of Nemelex Xobeh the Trickster
  2505 | D:4      | Reached XP level 6. HP: 51/51 MP: 6/6
  2984 | D:4      | Found a staircase to the Ecumenical Temple.
  3006 | Temple   | Entered the Ecumenical Temple
  3012 | Temple   | HP: 1/53 [gnoll/+0 flail (4)]
  3211 | Temple   | Reached skill level 5 in Fighting
  3567 | D:4      | Reached * piety under Nemelex Xobeh
  3821 | D:4      | Found a glowing golden altar of the Shining One.
  4188 | D:4      | Learned a level 2 spell: Mercury Vapours
  4222 | D:5      | Entered Level 5 of the Dungeon
  4222 | D:5      | Noticed an ice beast
  4222 | D:5      | Found a basalt altar of Yredelemnul.
  4231 | D:5      | Killed an ice beast
  4232 | D:5      | Reached XP level 7. HP: 48/62 MP: 7/7
  4285 | D:5      | Reached skill level 1 in Spellcasting
  4516 | D:5      | Found a glowing drain.
  4572 | D:5      | Found a hazy altar of Hepliaklqana.
  4616 | Sewer    | Entered a sewer
  4664 | Sewer    | Received a gift from Nemelex Xobeh
  5089 | D:5      | Reached XP level 8. HP: 64/70 MP: 12/14
  5172 | D:5      | Learned a level 4 spell: Olgreb's Toxic Radiance
  5229 | D:5      | Noticed Tollund's ghost (novice DrSh)
  5230 | D:5      | Found a large runed translucent door.
  5230 | D:5      | Found a large runed translucent door.
  5231 | D:5      | Found Iddoabri's Jewellery Shoppe.
  5340 | D:5      | Found a burning altar of Makhleb.
  5346 | D:5      | Found a snail-covered altar of Cheibriados.
  5500 | D:5      | Gained mutation: You are robust. (+10% HP) [potion of
                  | mutation]
  5500 | D:5      | Gained mutation: You are partially covered in iridescent
                  | scales. (AC +2) [potion of mutation]
  5500 | D:5      | HP: 3/77 [white imp/puff of frost[Tollund's ghost] (1)]
  5511 | D:5      | Killed Tollund's ghost
  5512 | D:5      | Reached skill level 5 in Spellcasting
  5812 | D:6      | Noticed Edmund
  5831 | D:6      | Killed Edmund
  6033 | D:6      | Reached ** piety under Nemelex Xobeh
  6036 | D:6      | Received a gift from Nemelex Xobeh
  6480 | D:6      | Found a radiant altar of Vehumet.
  6502 | D:6      | Received a gift from Nemelex Xobeh
  6638 | D:6      | Reached skill level 5 in Alchemy
  6638 | D:6      | Reached XP level 9. HP: 78/82 MP: 16/16
  7112 | D:7      | Noticed Pikel
  7132 | D:7      | Killed Pikel
  7399 | D:7      | Received a gift from Nemelex Xobeh
  7430 | D:7      | You fall into a shaft and drop 3 floors!
  7430 | D:10     | Entered Level 10 of the Dungeon
  7500 | D:9      | Found a shimmering altar of Xom.
  7525 | D:9      | Noticed a kobold demonologist
  7531 | D:9      | a kobold demonologist changed into a warg
  7542 | D:10     | Paralysed by a hornet for 1 turns
  7895 | D:8      | Found an ornate altar of the Wu Jian Council.
  7949 | D:8      | Found Gozag's Platinum Reserve.
  7958 | D:8      | Found an opulent altar of Gozag.
  7965 | D:7      | Noticed Maurice
  7973 | D:7      | Reached XP level 10. HP: 73/91 MP: 17/17
  8000 | D:7      | Maurice stole a +6 ring of intelligence
  8001 | D:7      | Killed Maurice
  8001 | D:7      | HP: 4/91 [ice beast (3)]
  8001 | D:7      | Mangled by an ice beast

Illustrated notes

Levels and vault maps discovered:
D:1:      spicycebolla_arrival_transporter_tutorial, layout_loops_ring,
          ebering_ecumenical_altar_ruins
D:2:      minmay_wonky_spiral, layout_basic, serial_forest,
          infiniplex_forest_fountain, infiniplex_forest_straight_4,
          infiniplex_forest_clump_curved, infiniplex_forest_clump_curved,
          infiniplex_forest_lined_3, infiniplex_forest_corner_1,
          infiniplex_forest_clump_C, infiniplex_forest_end_2,
          kennysheep_big_empty_room
D:3:      layout_loops_ring, lemuel_tele_altar, serial_shops, shop,
          kennysheep_cross_room, minmay_large_rounded_square, uniq_sigmund
D:4:      layout_layer_cave, mainiacjoe_overflow_alcove_2,
          minmay_temple_entry_gardened_gates
D:5:      layout_rooms, yredelemnul_altar_generic, lemuel_doored_altar,
          jmf_multi_god_temple2, ebering_ghost_disaster_area, serial_shops,
          shop, portal_sewer_entry_b, kennysheep_generic_room_12
D:6:      layout_layer_cave, vehumet_crystals,
          serial_library_hellmonk_filled_rooms, uniq_edmund
D:7:      layout_basic, uniq_maurice, uniq_pikel
D:8:      layout_loops_ring, mainiacjoe_overflow_divided_tiny,
          nicolae_gozag_zags_fifth_avenue, nicolae_uskayaw_dance_studio,
          pdpol_wu_jian_five_deadly_venoms, lair_entry_dummy, serial_shops,
          shop, uniq_grum, uniq_maggie
D:9:      layout_cross, xom_confusion_cloud, evilmike_ruin_ashenzari,
          nicolae_qazlal_general_emergency, nicolae_overflow_crystal_walls
D:10:     minmay_bubble_buster, layout_grid_maze, orc_0_dummy,
          nicolae_underground_beach
Temple:   hellmonk_temple_beads

Skill      XL: |  1  2  3  4  5  6  7  8  9 |
---------------+----------------------------+-----
Axes           | 3 4 5 7 8 |  8.0
Fighting       | 5 6 |  6.0
Spellcasting   | 4 5 |  5.0
Alchemy        | 5 8 |  8.7
Armour         | |  3.2
Shields        | |  3.2

Action                     |  1- 3 |  4- 6 |  7- 9 | 10-12 || total
---------------------------+-------+-------+-------+-------++-------
  Melee: War axe           |   117 |   114 |   294 |    22 ||   547
         Unarmed           |       |     4 |       |       ||     4
 Invoke: Draw Destruction  |       |       |    15 |     1 ||    16
         Draw Escape       |       |       |     1 |     2 ||     3
         Draw Summoning    |       |       |     1 |       ||     1
    Use: Scroll            |       |     2 |       |       ||     2
         Potion            |       |       |     6 |       ||     6
 Armour: Scale mail        |    92 |    84 |   244 |       ||   420
         Skin              |       |     6 |       |       ||     6
         Plate armour      |       |       |   241 |    36 ||   277
  Dodge: Dodged            |    54 |    61 |   179 |    11 ||   305
  Block: Buckler           |    14 |    19 |    86 |     4 ||   123

Table legend: (Time is in decaauts)
 A = Elapsed time spent in this place.
 B = Non-inter-level travel time spent in this place.
 C = Inter-level travel time spent in this place.
 D = Time resting spent in this place.
 E = Time spent auto-exploring this place.
 F = Levels seen in this place.
 G = Mean time per level.
                   A        B        C        D        E       F      G
               +--------+--------+--------+--------+--------+-----+--------+
         Total |   8118 |   7925 |    193 |    867 |   5687 |  12 |  676.5 |
       Dungeon |   7287 |   7094 |    193 |    491 |   5446 |  10 |  728.7 |
        Temple |    410 |    410 |      0 |    376 |      0 |   1 |  410.0 |
         Sewer |    421 |    421 |      0 |      0 |    241 |   1 |  421.0 |
               +--------+--------+--------+--------+--------+-----+--------+

Top non-repeatable levels by time:
     D:6: 1468 daAuts
     D:4: 1368 daAuts
     D:3: 1005 daAuts
     D:5: 1003 daAuts
     D:2: 827 daAuts
     D:1: 667 daAuts
   Sewer: 421 daAuts
  Temple: 410 daAuts
     D:7: 392 daAuts
    D:10: 272 daAuts
     D:8: 233 daAuts
     D:9: 49 daAuts
